 Dungeon Crawl Stone Soup version 0.23-b1-75-g379dba2534 (webtiles) character file.

Game seed: 11272173807743779750

62 McKennaii the Gusty (level 4, 0/24 HPs)
             Began as a Tengu Air Elementalist on Feb 6, 2019.
             Slain by a kobold
             ... wielding a +2 dagger of speed
              (5 damage)
             ... on level 2 of the Dungeon.
             The game lasted 00:02:53 (1267 turns).

McKennaii the Gusty (Tengu Air Elementalist)        Turns: 1267, Time: 00:02:53

Health: 0/24       AC:  3    Str:  9    XL:     4   Next: 8%
Magic:  1/9        EV: 13    Int: 16    God:
Gold:   54         SH:  0    Dex: 14    Spells: 5/8 levels left

rFire    . . .     SeeInvis .   (no weapon)
rCold    . . .     Gourm    .   (no shield)
rNeg     . . .     Faith    .   a - +0 robe
rPois    .         Spirit   .   (helmet restricted)
rElec    .         Reflect  .   (no cloak)
rCorr    .         Harm     .   i - +0 pair of gloves
MR       .....                  (boots unavailable)
Stlth    ++........             (no amulet)
HPRegen  0.08/turn              (no ring)
MPRegen  0.11/turn              (no ring)

@: slowed, very slow
A: beak, talons 3
a: no special abilities


You were on level 2 of the Dungeon.
You were hungry.

You visited 1 branch of the dungeon, and saw 2 of its levels.

You collected 54 gold pieces.

Inventory:

Armour
 a - a +0 robe (worn)
 i - a +0 pair of gloves (worn)
Scrolls
 d - a scroll of teleportation {unknown}
 e - 2 scrolls of identify {unknown}
 g - a scroll of fog {unknown}
Potions
 f - a potion of might {unknown}
 h - a potion of magic {unknown}
Comestibles
 c - 2 rations


   Skills:
 + Level 2.4 Dodging
 + Level 2.3 Stealth
 + Level 2.8 Spellcasting
 + Level 1.9 Conjurations
 + Level 5.1 Air Magic


You had 5 spell levels left.
You knew the following spells:

 Your Spells              Type           Power        Failure   Level  Hunger
a - Shock                 Conj/Air       ##..         4%          1    #......
b - Swiftness             Chrm/Air       ##......     10%         2    ##.....

Your spell library contained the following spells:

 Spells                   Type           Power        Failure   Level  Hunger
 Static Discharge         Conj/Air       ##......     13%         3    ###....
 Airstrike                Air            ###.......   22%         4    #####..
 Lightning Bolt           Conj/Air       ##........   77%         5    ######.


Dungeon Overview and Level Annotations

Branches:
Dungeon (2/15)

Altars:


Innate Abilities, Weirdness & Mutations

You have a beak for a mouth.
You have claws for feet.


Message History

Aiming: Shock (safe; 4% risk of failure)
Press: ? - help, Shift-Dir - straight line The zap hits the orc wizard but does no damage.
The orc wizard is moderately wounded.
The zap hits the orc wizard.
The orc wizard is heavily wounded.
The kobold barely misses you.
The kobold hits you with a +2 dagger of speed.
* * * LOW HITPOINT WARNING * * *
The orc wizard casts a spell.
The orc wizard blinks!
The kobold hits you but does no damage. The kobold misses you.
The kobold barely misses you.
The kobold hits you with a +2 dagger of speed.
* * * LOW HITPOINT WARNING * * *
You see here 3 stones.
The orc wizard gestures wildly while chanting.
The orc wizard blinks!
The kobold hits you with a +2 dagger of speed.
You die...

#..#.......#..†
##.........)....
############..##.#.†.#.....
#............###.#(..#.####
........###### #.##.##.#...
......o)# #..###..#...
##?####.# ##. ..##... .
#.############## #...
#%..@K.....#######...
#..........##........
...)......§...##........
....#.##.......##........
...[.#.##.......##........
.... #.##......)......(...
#.## #.#####..............
.. ..# #.......####(##
#......S# #.#


You could see a kobold.

Vanquished Creatures
  An adder (D:2)
  An ooze (D:1)
  3 dart slugs
  3 orcs (D:2)
  A ball python (D:1)
  2 bats (D:1)
  3 giant cockroaches (D:1)
  3 goblins
  5 hobgoblins
  2 jackals (D:2)
  6 kobolds
  A quokka (D:2)
  4 frilled lizards
  A rat (D:2)
36 creatures vanquished.

Notes
Turn   | Place    | Note
-------+----------+-------------------------------------------
     0 | D:1      | McKennaii the Tengu Air Elementalist began the quest for
                  | the Orb.
     0 | D:1      | Reached XP level 1. HP: 10/10 MP: 4/4
   144 | D:1      | Reached XP level 2. HP: 6/15 MP: 0/6
   480 | D:1      | Reached XP level 3. HP: 15/19 MP: 0/7
   906 | D:2      | Reached skill level 5 in Air Magic
  1035 | D:2      | Learned a level 2 spell: Swiftness
  1234 | D:2      | Reached XP level 4. HP: 24/24 MP: 5/9
  1267 | D:2      | Slain by a kobold

Skill      XL: |  1  2  3 |
---------------+----------+-----
Air Magic      | 5 |  5.1
Dodging        | |  2.4
Stealth        | |  2.3
Spellcasting   | |  2.8
Conjurations   | |  1.9

Action                   |  1- 3 |  4- 6 || total
-------------------------+-------+-------++-------
Melee: Unarmed           |     9 |     7 ||    16
       Kick              |     3 |       ||     3
       Peck              |     2 |       ||     2
 Cast: Shock             |    63 |     9 ||    72
  Use: Potion            |       |     1 ||     1
  Eat: Chunk             |     1 |       ||     1
Armor: Robe              |       |     2 ||     2
Dodge: Dodged            |    13 |    10 ||    23
